team 1 (loser)

»
apm14 (
green | 48 APM | 285 actions | 05:58)
1 Demon Hunter
1 Mana Burn
» actions
| Basic commands | 1 | |
| Build / train | 17 | |
| Enter build submenu | 10 | |
| Enter hero's abilities submenu | 1 | |
| Right click | 179 | |
| Select / deselect | 66 | |
| Use ability | 11 | |
285 total
» units
» buildings
| Altar of Elders | 1 | |
| Moon Well | 3 | |
| Hunter's Hall | 1 | |
| Ancient of War | 1 | |
| Ancient Protector | 2 | |
| Tree of Ages | 1 | |
9 total
» build order
00:32 Altar of Elders
00:37 Moon Well
01:43 Hunter's Hall
02:10 Ancient of War
02:54 Moon Well
02:59 Moon Well
03:11 Ancient Protector
03:16 Ancient Protector
04:45 Tree of Ages

»
feed.the.apes (
purple | 58 APM | 341 actions | 05:55)
1 Dreadlord
1 Sleep
» actions
| Assign group hotkey | 3 | |
| Basic commands | 2 | |
| Build / train | 32 | |
| Enter build submenu | 7 | |
| Enter hero's abilities submenu | 1 | |
| Right click | 189 | |
| Select / deselect | 80 | |
| Select group hotkey | 14 | |
| Use ability | 13 | |
341 total
» units
» buildings
| Ziggurat | 3 | |
| Altar of Darkness | 1 | |
| Crypt | 2 | |
| Nerubian Tower | 1 | |
7 total
» build order
00:12 Ziggurat
00:24 Altar of Darkness
00:41 Crypt
01:14 Crypt
01:37 Ziggurat
02:25 Nerubian Tower
03:07 Ziggurat

»
oz_maN (
teal | 58 APM | 343 actions | 05:53)
1 Death Knight
1 Death Coil
» actions
| Assign group hotkey | 6 | |
| Basic commands | 11 | |
| Build / train | 17 | |
| Enter build submenu | 9 | |
| Enter hero's abilities submenu | 1 | |
| Right click | 163 | |
| Select / deselect | 73 | |
| Select group hotkey | 54 | |
| Use ability | 9 | |
343 total
» units
» buildings
| Crypt | 2 | |
| Ziggurat | 3 | |
| Altar of Darkness | 1 | |
| Tomb of Relics | 1 | |
| Halls of the Dead | 1 | |
8 total
» build order
00:14 Crypt
00:18 Ziggurat
00:47 Crypt
01:08 Altar of Darkness
01:32 Ziggurat
02:31 Tomb of Relics
03:43 Ziggurat
05:00 Halls of the Dead

»
pi[jay] (
orange | 64 APM | 380 actions | 05:57)
1 Blademaster
1 Wind Walk
» actions
| Assign group hotkey | 10 | |
| Basic commands | 3 | |
| Build / train | 23 | |
| Enter build submenu | 9 | |
| Enter hero's abilities submenu | 1 | |
| Remove unit from queue | 3 | |
| Right click | 210 | |
| Select / deselect | 76 | |
| Select group hotkey | 30 | |
| Use ability | 15 | |
380 total
» units
| Peon | 8 | |
| Grunt | 6 | |
| Troll Headhunter/Berserker | 1 | |
15 total
» buildings
| Altar of Storms | 1 | |
| Orc Burrow | 3 | |
| Barracks | 2 | |
| Voodoo Lounge | 1 | |
| War Mill | 1 | |
8 total
» build order
00:11 Altar of Storms
00:23 Orc Burrow
00:58 Barracks
01:50 Orc Burrow
02:15 Voodoo Lounge
03:05 Barracks
03:21 War Mill
05:21 Orc Burrow
» items
| Healing Salve | 1 | |
| Lesser Clarity Potion | 1 | |
| Scroll of Speed | 1 | |
3 total
team 2 (winner)
AsstonFarten (
yellow | 74 APM | 441 actions | 05:59)
2 Tauren Chieftain
1 Shockwave
1 Endurance Aura
» actions
| Assign group hotkey | 53 | |
| Basic commands | 3 | |
| Build / train | 24 | |
| Enter build submenu | 16 | |
| Enter hero's abilities submenu | 2 | |
| Give item / drop item | 1 | |
| Remove unit from queue | 1 | |
| Right click | 151 | |
| Select / deselect | 99 | |
| Select group hotkey | 61 | |
| Use ability | 30 | |
441 total
» units
» buildings
| Altar of Storms | 1 | |
| Orc Burrow | 3 | |
| War Mill | 1 | |
| Watch Tower | 7 | |
| Voodoo Lounge | 3 | |
| Stronghold | 3 | |
18 total
» build order
00:02 Altar of Storms
00:03 Orc Burrow
00:53 War Mill
01:21 Orc Burrow
02:08 Watch Tower
02:17 Watch Tower
02:28 Voodoo Lounge
03:10 Watch Tower
03:16 Watch Tower
03:32 Voodoo Lounge
04:05 Stronghold
04:05 Stronghold
04:54 Watch Tower
04:55 Watch Tower
04:59 Orc Burrow
05:01 Watch Tower
05:15 Voodoo Lounge
» items
| Healing Salve | 1 | |
| Lesser Clarity Potion | 2 | |
3 total
Birdeneering (
blue | 126 APM | 752 actions | 05:58)
2 Dark Ranger
1 Black Arrow
1 Life Drain
» actions
| Assign group hotkey | 299 | |
| Basic commands | 3 | |
| Build / train | 41 | |
| Enter build submenu | 27 | |
| Enter hero's abilities submenu | 2 | |
| Remove unit from queue | 1 | |
| Right click | 206 | |
| Select / deselect | 101 | |
| Select group hotkey | 35 | |
| Use ability | 37 | |
752 total
» units
» upgrades
» buildings
| Altar of Kings | 1 | |
| Farm | 2 | |
| Lumber Mill | 1 | |
| Scout Tower | 22 | |
| Arcane Tower | 4 | |
| Guard Tower | 16 | |
| Arcane Vault | 1 | |
| Keep | 2 | |
49 total
» build order
00:04 Altar of Kings
00:18 Farm
00:35 Lumber Mill
00:41 Farm
01:20 Scout Tower
01:36 Scout Tower
01:40 Scout Tower
01:45 Arcane Tower
01:45 Arcane Tower
01:46 Scout Tower
02:03 Arcane Tower
02:03 Arcane Tower
02:07 Guard Tower
02:09 Scout Tower
02:12 Scout Tower
02:14 Scout Tower
02:18 Guard Tower
02:18 Scout Tower
02:37 Guard Tower
02:39 Scout Tower
02:47 Guard Tower
02:48 Scout Tower
02:51 Scout Tower
02:52 Guard Tower
02:52 Guard Tower
03:23 Guard Tower
03:27 Guard Tower
03:28 Scout Tower
03:31 Arcane Vault
03:46 Guard Tower
03:47 Scout Tower
04:07 Guard Tower
04:09 Scout Tower
04:19 Guard Tower
04:21 Scout Tower
04:21 Scout Tower
04:27 Keep
04:27 Keep
04:44 Guard Tower
04:46 Scout Tower
04:47 Scout Tower
04:58 Guard Tower
05:27 Guard Tower
05:34 Scout Tower
05:34 Scout Tower
05:43 Scout Tower
05:48 Guard Tower
05:50 Scout Tower
iNT]DOGANDHORSE (
pink | 109 APM | 653 actions | 05:59)
2 Archmage
1 Blizzard
1 Brilliance Aura
» actions
| Assign group hotkey | 5 | |
| Basic commands | 3 | |
| Build / train | 44 | |
| Enter build submenu | 19 | |
| Enter hero's abilities submenu | 2 | |
| Right click | 340 | |
| Select / deselect | 154 | |
| Select group hotkey | 28 | |
| Use ability | 58 | |
653 total
» units
» upgrades
» buildings
| Altar of Kings | 1 | |
| Farm | 2 | |
| Lumber Mill | 1 | |
| Scout Tower | 12 | |
| Arcane Tower | 4 | |
| Guard Tower | 13 | |
| Keep | 1 | |
34 total
» build order
00:12 Altar of Kings
00:19 Farm
00:35 Lumber Mill
00:49 Farm
01:01 Scout Tower
01:21 Scout Tower
01:23 Scout Tower
01:38 Arcane Tower
01:39 Arcane Tower
01:39 Arcane Tower
01:39 Arcane Tower
01:40 Scout Tower
02:03 Guard Tower
02:09 Guard Tower
02:09 Guard Tower
02:09 Guard Tower
02:18 Scout Tower
02:41 Scout Tower
02:46 Guard Tower
02:46 Guard Tower
02:58 Scout Tower
03:16 Guard Tower
03:18 Scout Tower
03:47 Guard Tower
04:25 Guard Tower
04:41 Scout Tower
05:17 Keep
05:18 Guard Tower
05:20 Scout Tower
05:20 Scout Tower
05:22 Scout Tower
» items
| Healing Salve | 1 | |
| Lesser Clarity Potion | 1 | |
2 total
Poobaru (
red | 63 APM | 380 actions | 05:59)
1 Warden
1 Shadow Strike
» actions
| Assign group hotkey | 2 | |
| Basic commands | 5 | |
| Build / train | 28 | |
| ESC pressed | 5 | |
| Enter build submenu | 5 | |
| Enter hero's abilities submenu | 1 | |
| Right click | 207 | |
| Select / deselect | 51 | |
| Select group hotkey | 55 | |
| Use ability | 21 | |
380 total
» units
» buildings
| Altar of Elders | 1 | |
| Moon Well | 2 | |
| Tree of Life | 2 | |
5 total
» build order
00:05 Altar of Elders
00:08 Moon Well
01:22 Moon Well
03:48 Tree of Life
05:04 Tree of Life